AoeStats
← Your mother like a camel

Arena

510516388Analyzed
3v3 RM · 2d ago on Oct 1, 2026· 58m 47s· 6 players
Game mode
Random Map
Map size
Normal (6 player)
Population
200
Speed
Normal
Resources
Standard
Victory
Conquest
Starting age
Dark Age
Ending age
Imperial Age
RankedLock teamsTeams togetherTeam positionsShared explorationLock speedFull tech treeHidden civsTurbo modeCheats
Victory
Defeat
🇺🇸 Saxons · United States
1181
+13
1181
+13
1164
+14
🇨🇳 Japanese · China
1184
-15
🇨🇳 Burgundians · China
1124
-14
🇧🇾 Mongols · Belarus
1059
-11
In9Ma
10:14 Feudal Age
14:31 Castle Age
12:40 Double-Bit Axe
13:17 Horse Collar
15:44 Loom
22:48 Wheelbarrow
22:19 Town Watch
25:36 Gold Mining
29:12 Imperial Age
27:02 Scale Mail Armor
27:12 Forging
27:36 Bow Saw
27:59 Hand Cart
28:41 Gold Shaft Mining
27:57 Stone Mining
28:05 Stone Mining
29:33 Chain Mail Armor
29:54 Iron Casting
29:10 Fletching
29:02 Treadmill Crane
29:50 Heavy Plow
29:51 Arson
30:06 Squires
30:52 Plate Mail Armor
31:55 Conscription
33:20 Bodkin Arrow
32:49 Shield Wall
34:44 Coinage
33:36 Pikeman
36:08 Two-Man Saw
35:41 Crop Rotation
34:38 Halberdier
37:05 Banking
36:13 Elite Hearth Troop
36:24 Elite Varangian Guard
36:58 Capped Ram
38:15 Bracer
38:16 Padded Archer Armor
38:21 Scale Barding Armor
38:25 Siege Engineers
38:31 Masonry
39:19 Siege Ram
41:31 Hoardings
45:53 Elite Hearth Troop
50:19 Gambesons
50:57 Guilds
50:48 Caravan
51:04 Town Patrol
Your mother like a camel
10:54 Feudal Age
15:10 Castle Age
13:46 Horse Collar
21:49 Double-Bit Axe
24:30 Fortified Wall
27:03 Gold Mining
27:42 Heavy Plow
28:39 Wheelbarrow
29:23 Gold Shaft Mining
33:43 Imperial Age
31:00 Loom
31:21 Scale Mail Armor
31:32 Forging
32:12 Bow Saw
31:28 Man-at-Arms
31:28 Pikeman
32:09 Squires
32:49 Hand Cart
32:19 Town Watch
32:34 Long Swordsman
33:01 Arson
33:08 Stone Mining
33:37 Chain Mail Armor
33:45 Two-Handed Swordsman
34:49 Conscription
35:21 Plate Mail Armor
35:58 Champion
38:41 Iron Casting
43:18 Chemistry
42:39 Ballistics
42:30 Masonry
44:10 Farimba
48:42 Architecture
48:46 Coinage
48:27 Guilds
51:56 Elite Gbeto
52:36 Tigui
56:15 Hoardings
Your father like an elephant
10:09 Feudal Age
11:30 Double-Bit Axe
14:06 Castle Age
15:40 Loom
24:21 Wheelbarrow
25:44 Bow Saw
26:06 Horse Collar
31:17 Imperial Age
33:21 Coinage
32:52 Gold Mining
39:10 Heavy Plow
42:43 Imperial Age
41:37 Fortified Wall
45:25 Crop Rotation
45:56 Two-Man Saw
48:30 Chemistry
49:33 Elite Skirmisher
50:40 Fletching
50:50 Padded Archer Armor
52:12 Hand Cart
52:11 Bodkin Arrow
52:31 Leather Archer Armor
52:55 Ballistics
53:25 Bracer
56:18 Ring Archer Armor
57:05 Pikeman
57:46 Squires
57:31 Arson
PDP.dog
9:58 Feudal Age
10:43 Double-Bit Axe
18:55 Castle Age
18:10 Padded Archer Armor
18:05 Gold Mining
19:18 Fletching
21:19 Gold Shaft Mining
21:29 Crossbowman
24:12 Ballistics
24:46 Bow Saw
31:21 Imperial Age
28:38 Loom
28:45 Horse Collar
30:35 Bodkin Arrow
32:01 Stone Mining
32:41 Bracer
32:58 Leather Archer Armor
32:46 Heavy Plow
32:37 Arbalester
34:45 Wheelbarrow
33:57 Town Watch
35:09 Fortified Wall
36:29 Stone Shaft Mining
36:10 Masonry
37:22 Thumb Ring
38:19 Murder Holes
42:33 Scale Barding Armor
43:22 Conscription
43:47 Hand Cart
43:33 Town Patrol
43:51 Bloodlines
43:02 Light Cavalry
44:29 Hussar
47:28 Forging
47:38 Chain Barding Armor
47:37 Scale Mail Armor
52:34 Elite Steppe Lancer
WING123456
11:07 Feudal Age
15:03 Castle Age
13:09 Double-Bit Axe
13:20 Horse Collar
14:36 Gold Mining
15:03 Forging
14:58 Scale Mail Armor
15:48 Forging
17:56 Gold Mining
19:17 Gambesons
22:45 Loom
24:55 Wheelbarrow
32:57 Imperial Age
30:44 Fletching
30:55 Padded Archer Armor
31:37 Hand Cart
32:23 Thumb Ring
32:17 Bodkin Arrow
32:48 Ballistics
33:09 Bloodlines
32:59 Husbandry
33:24 Leather Archer Armor
34:12 Conscription
34:57 Gold Shaft Mining
34:36 Yasama
35:25 Guard Tower
36:09 Bracer
37:18 Chemistry
38:04 Parthian Tactics
38:34 Heavy Cavalry Archer
42:24 Keep
42:55 Elite Skirmisher
47:00 Fortified Wall
47:03 Masonry
47:39 Bow Saw
48:04 Ring Archer Armor
52:57 Stone Mining
56:08 Chain Mail Armor
56:29 Iron Casting
55:58 Man-at-Arms
56:33 Long Swordsman
57:14 Two-Handed Swordsman
58:48 Chain Mail Armor
59:09 Iron Casting
212727567
0:30 Loom
6:04 Double-Bit Axe
11:22 Feudal Age
10:10 Horse Collar
14:23 Wheelbarrow
17:16 Castle Age
15:39 Bow Saw
15:51 Heavy Plow
16:37 Forging
16:20 Gold Mining
17:39 Scale Barding Armor
20:06 Cavalier
20:46 Town Watch
24:26 Husbandry
24:51 Chain Barding Armor
27:53 Gold Shaft Mining
27:09 Stone Mining
28:34 Iron Casting
29:06 Hand Cart
33:34 Imperial Age
32:51 Stone Shaft Mining
32:59 Treadmill Crane
33:46 Paladin
35:07 Plate Barding Armor
35:33 Blast Furnace
35:14 Conscription
36:03 Two-Man Saw
38:53 Burgundian Vineyards
38:51 Light Cavalry
40:09 Crop Rotation
43:15 Scale Mail Armor
44:15 Blast Furnace
43:41 Arson
43:56 Squires
44:16 Chain Mail Armor
43:51 Fletching
45:33 Plate Mail Armor
46:13 Murder Holes
46:16 Bodkin Arrow
46:41 Man-at-Arms
48:46 Bracer
49:09 Ballistics
49:49 Chemistry
48:25 Long Swordsman
49:36 Guard Tower
49:21 Two-Handed Swordsman
49:22 Pikeman
50:53 Champion
52:58 Keep
52:07 Hussar
54:18 Padded Archer Armor
54:32 Fortified Wall
54:03 Halberdier
Connection lost

Rejoining the realm…

Still unreachable

The connection could not be restored.

Session expired

The server has moved on; the page needs a fresh start.